 Dungeon Crawl Stone Soup version 0.21.1-1-g345015f (webtiles) character file.

598 Mirai the Chopper (level 7, 0/55 HPs)
             Began as a Demonspawn Berserker on Mar 2, 2018.
             Was a Priest of Trog.
             Slain by a sky beast (5 damage)
             ... on level 5 of the Dungeon.
             The game lasted 00:13:07 (3680 turns).

Mirai the Chopper (Demonspawn Berserker)            Turns: 3680, Time: 00:13:08

Health: 0/55       AC: 10    Str: 17      XL:     7   Next: 17%
Magic:  7/7        EV:  8    Int:  9      God:    Trog [***...]
Gold:   198        SH:  0    Dex: 15 (16) Spells: 6/6 levels left

rFire    . . .     SeeInvis .   z - +0 hand axe
rCold    + . .     Gourm    .   (no shield)
rNeg     . . .     Faith    .   x - +0 chain mail
rPois    .         Spirit   .   (no helmet)
rElec    .         Reflect  .   (no cloak)
rCorr    .         Harm     .   p - +0 pair of gloves
MR       .....                  (no boots)
Stlth    ..........             (no amulet)
HPRegen  0.18/turn              q - ring of stealth
MPRegen  0.10/turn              n - ring of protection from cold (curse)

@: no status effects
A: claws 2, thin skeletal structure 1, demonic guardian 1, rot immunity
a: Berserk, Trog's Hand, Burn Spellbooks, Renounce Religion


You were on level 5 of the Dungeon.
You worshipped Trog.
Trog was most pleased with you.
You were near starving.

You visited 1 branch of the dungeon, and saw 5 of its levels.

You collected 198 gold pieces.

Inventory:

Hand Weapons
 z - a +0 hand axe (weapon)
Missiles
 m - 18 bolts (quivered)
Armour
 p - a +0 pair of gloves (worn)
 u - a +0 ring mail
 v - a cursed +0 robe
 x - a +0 chain mail (worn)
Jewellery
 h - an uncursed ring of ice
 i - an uncursed ring of magical power
 n - a cursed ring of protection from cold (right hand)
 q - a ring of stealth (left hand)
Scrolls
 b - 3 scrolls of amnesia {unknown}
 d - a scroll of fog {unknown}
 e - 5 scrolls of remove curse {unknown}
 j - a scroll of identify
 l - a scroll of enchant weapon {unknown}
 r - 2 scrolls of magic mapping {unknown}
 s - a scroll of fear {unknown}
 w - a scroll of random uselessness {unknown}
 y - a scroll of enchant armour {unknown}
Potions
 a - a potion of flight {unknown}
 f - 2 potions of curing
 g - 4 potions of degeneration {unknown}
 k - 2 potions of heal wounds {unknown}
 o - a potion of haste {unknown}
 t - a potion of agility {unknown}
Comestibles
 c - 9 rations


   Skills:
 + Level 4.5 Fighting
 + Level 5.9 Axes
 + Level 3.1 Armour
 + Level 2.7 Dodging


You had 6 spell levels left.
You didn't know any spells.

Dungeon Overview and Level Annotations

Branches:
Dungeon (5/15)             Temple (0/1) D:4

Altars:
Ashenzari
Fedhas
Hepliaklqana
Nemelex Xobeh
Trog
Wu Jian
Xom
Zin

Shops:
D:4 }


Innate Abilities, Weirdness & Mutations

You have very sharp fingernails.
You have a somewhat thin skeletal structure. (Dex +2, Stealth)
A weak demonic guardian rushes to your aid.
You are immune to rotting.


Message History

The sky beast hits you. The sky beast shocks you.
You hit the sky beast but do no damage.
The sky beast is almost dead.
The sky beast hits you. The sky beast shocks you.
* * * LOW HITPOINT WARNING * * *
You closely miss the sky beast.
The sky beast is almost dead.
The sky beast flickers out of sight!
Deactivating autopickup; reactivate with Ctrl-A.
Something hits you.
* * * LOW HITPOINT WARNING * * *
Something shocks you.
* * * LOW HITPOINT WARNING * * *
You're too hungry.
Unknown command.
You hit something but do no damage. Something hits you but does no damage.
You miss something. Something hits you.
* * * LOW HITPOINT WARNING * * *
Something shocks you.
You die...

# .#
.##########.#####
.................
.......#.#.......
...#...≈.......
##..#.#.###.#...
# ...#.#{# .# ##
#.#####.##.#@# .
#.......##'#.# .
###..........# ..
#..........#
#..........#
#..........#
#########'#......
#......##.####...
#.##.........#
...


There were no monsters in sight!

Vanquished Creatures
  Sigmund (D:2)
  A phantom (D:5)
  A bullfrog zombie (D:5)
  A quasit (D:5)
  An orc priest (D:4)
  Terence (D:2)
  An iguana (D:4)
  3 worker ants
  6 adders
  A shadow imp (D:5)
  An ooze (D:4)
  A worm (D:2)
  A leopard gecko (D:5)
  9 orcs
  9 bats
  7 giant cockroaches
  5 goblins
  4 hobgoblins
  9 jackals
  7 kobolds
  3 quokkas
  6 frilled lizards
  3 quokka skeletons (D:4)
  11 rats
93 creatures vanquished.

Vanquished Creatures (collateral kills)
  A crimson imp (D:5)
  A howler monkey skeleton (D:5)
  An orc (D:4)
3 creatures vanquished.

Grand Total: 96 creatures vanquished

Notes
Turn   | Place    | Note
-------+----------+-------------------------------------------
     0 | D:1      | Mirai the Demonspawn Berserker began the quest for the Orb.
     0 | D:1      | Reached XP level 1. HP: 18/18 MP: 1/1
    73 | D:1      | Reached skill level 3 in Axes
    73 | D:1      | Gained mutation: You have sharp fingernails. [demonic ancestry]
    73 | D:1      | Reached XP level 2. HP: 6/24 MP: 2/2
    99 | D:1      | HP: 1/24 [bat (1)]
   806 | D:1      | Gained mutation: You are immune to rotting. [demonic ancestry]
   806 | D:1      | Reached XP level 3. HP: 29/29 MP: 3/3
   994 | D:2      | Reached ** piety under Trog
  1079 | D:2      | Found a sparkling altar of Nemelex Xobeh.
  1083 | D:2      | Noticed Terence
  1093 | D:2      | Killed Terence
  1093 | D:2      | Gained mutation: A weak demonic guardian rushes to your aid. [demonic ancestry]
  1093 | D:2      | Reached XP level 4. HP: 36/36 MP: 4/4
  1216 | D:2      | Noticed Sigmund
  1229 | D:2      | Killed Sigmund
  1229 | D:2      | Reached skill level 4 in Axes
  1229 | D:2      | Gained mutation: You have very sharp fingernails. [demonic ancestry]
  1229 | D:2      | Reached XP level 5. HP: 42/42 MP: 5/5
  1309 | D:2      | Found a faded altar of an unknown god.
  1480 | D:2      | Found a blossoming altar of Fedhas.
  1480 | D:2      | Found an ornate altar of the Wu Jian Council.
  1481 | D:2      | Found a bloodstained altar of Trog.
  1757 | D:3      | Found a glowing silver altar of Zin.
  1757 | D:3      | Noticed an angel
  1759 | D:3      | Found a shimmering altar of Xom.
  2026 | D:3      | Reached skill level 5 in Axes
  2026 | D:3      | Gained mutation: You have a somewhat thin skeletal structure. (Dex +2, Stealth) [demonic ancestry]
  2026 | D:3      | Reached XP level 6. HP: 45/48 MP: 6/6
  2682 | D:4      | Reached *** piety under Trog
  2800 | D:4      | Found Kapsif's Gadget Boutique.
  2831 | D:4      | Found a shattered altar of Ashenzari.
  2863 | D:4      | Found a staircase to the Ecumenical Temple.
  2879 | D:4      | Found a hazy altar of Hepliaklqana.
  3086 | D:5      | Entered Level 5 of the Dungeon
  3539 | D:5      | Reached XP level 7. HP: 55/55 MP: 7/7
  3680 | D:5      | Slain by a sky beast

Skill      XL: |  1  2  3  4  5  6 |
---------------+-------------------+-----
Axes           | 3 4 5 |  5.9
Dodging        | 2 |  2.7
Fighting       | 4 |  4.5
Armour         | 2 3 |  3.1

Action                   |  1- 3 |  4- 6 |  7- 9 || total
-------------------------+-------+-------+-------++-------
Melee: Hand axe          |    97 |   262 |    36 ||   395
Invok: Berserk           |     3 |     4 |       ||     7
       Trog's Hand       |       |     2 |       ||     2
  Use: Scroll            |       |     1 |       ||     1
  Eat: Chunk             |     3 |    12 |       ||    15
Armor: Animal skin       |    22 |       |       ||    22
       Chain mail        |    22 |   194 |    21 ||   237
Dodge: Dodged            |    90 |   148 |    10 ||   248
